nht, neutral male human Monk }}}}}}}}}}}}}}}}}}}}}}}}}}}}}}}}}}}}}}}}}}}}}}}}}}}}}}}}}}}}}}}}}}}}}}}}}}} }}}}}}}}}}}}}}}}}}}}}}}}}}}}}}}}}}}}}}}}}}}}}}}}}}}}}}}}}}}}}}}}}}}}}}}}}}} }}.}}}}}q.}}}}}......}}}}}}}}}}}}}}}}}}}}}}}}}}}}}}}}}}}}}}}..`.}}}...}}}}} }...}}..qq.}}}}}.`..}}}}}}}}}}}}}}}}}}}}}}}}}}}}}}}}}}}}}}}.......*.q.....} }....}}}}}}}}}}....}}}..}}}}}}}}}}}.......}}}}}}T}}}}}}}}}. }....}}}}}}}}.....}}}}..}}}}}}.......... }..@.}}}}}}1}}}}}.}}}}.}}}}}}.- }.@..}}}}}}}}}}}}}}}}}}.}}}...| }.....}.}}....}}}}}}}}}.}}d.d.- }j.....}}}}..}}}}}}}}}}}}n...`....| }.....}}}}}}}}}}}}}}}}}}}}....d`..| }.....}}}}}}}}}}}}}}}}}}}}....----- }......}}}}}}}}}}}}}}}}}}}}...| }.......}}}}}}}..}}}}}}}}}}}}.- }....<`".}}.}}....}}}}}}v}}}}}... }.......}}}}}}}......}}}}}}}}}}}}}}.. }....!}}}}}}}}}}}....[}}}}}}}}}}}}}}}}}}} }}..}}}}}}}}}}}}}....}}}}}}}}}}}}}}}}}}}}}}... }}}}}}}}}}}}}}}}}}}}}}}}}}}}}}}}}}}}}}}}}}}}}}}}}} }}}}}}}}}}}}}}}}}}}}}}}}}}}}}}}}}}}}}}}}}}}}}}}}}}}}}} nht the Initiate Experience level: 7 Strength: 17 Dexterity: 13 Constitution: 13 Intelligence: 10 Wisdom: 13 Charisma: 11 Health: 0(52) Energy: 32(32) Def: 7 Gold: 2144 Moves: 3028 Dungeon seed: zOb4r0ktznu-vu7B Game ID: nht_1457764079 Your Inventory: Coins $ - 2144 gold pieces Weapons k - 12 blessed +0 shuriken (in quiver) Armor b - an uncursed +0 pair of jumping boots (being worn) q - an uncursed +0 mummy wrapping s - an uncursed +2 pair of leather gloves (being worn) I - an uncursed +0 cloak of displacement (being worn) N - an uncursed +0 dwarvish iron helm (being worn) Y - a blessed +2 pair of iron shoes Comestibles z - 2 uncursed lizard corpses Scrolls m - an uncursed scroll of teleportation F - a cursed scroll of blank paper G - an uncursed scroll of magic mapping H - an uncursed scroll of earth K - an uncursed scroll of light R - an uncursed scroll of create monster S - a cursed scroll of create monster T - an uncursed scroll of scare monster X - a blessed scroll of create monster Potions g - a blessed potion of sickness h - a blessed potion of healing J - an uncursed potion of fruit juice P - an uncursed potion of object detection U - an uncursed potion of sleeping W - an uncursed potion of paralysis Z - an uncursed potion of acid Rings E - a cursed thoroughly rusty ring of levitation L - an uncursed ring of free action (on left hand) M - an uncursed ring of regeneration Wands a - a wand of cancellation (0:5) i - a wand of enlightenment (0:1) p - a wand of magic missile (0:1) w - a wand of light (0:14) C - a wand of create monster (0:14) O - a wand of enlightenment (0:13) V - a wand of enlightenment (0:12) Tools c - a blessed brass lantern (0:1283) e - a +0 pick-axe j - an uncursed oil lamp (lit) (0:1248) l - 5 uncursed partly used tallow candles (0:131) t - an uncursed skeleton key u - an uncursed stethoscope v - an uncursed lock pick x - 6 uncursed partly used wax candles (0:331) D - a blessed partly used tallow candle (0:131) Gems n - an uncursed chrysoberyl stone r - an uncursed worthless piece of violet glass y - 2 uncursed worthless pieces of yellow glass A - 2 uncursed worthless pieces of yellowish brown glass B - an uncursed amber stone Spells and supernatural/magical abilities: Name Level Category Fail Memory h - healing 1 healing 60% 85% W - pray for help -- divine ? -- Y - supernatural jump -- ability ? -- Your skills at the end: Miscellaneous Skills martial arts [Skilled] wands [Basic] Weapon Skills shuriken [Basic] Spellcasting Skills healing spells [Basic] Final Attributes: You were devoutly aligned. You were sleep resistant. You were poison resistant. You saw invisible. You were telepathic. You were warned. You were displaced. You were stealthy. You could jump. You were fast. You had free action. You are dead. Vanquished creatures: a flaming sphere a tengu a giant beetle 2 lizards an ice vortex a dwarf mummy a Green-elf a jaguar 4 water moccasins a bugbear an imp a wood nymph 7 Uruk-hai a fog cloud a violet fungus 2 gnome lords 2 gnomish wizards 2 kobold mummies a straw golem 5 giant ants a floating eye 4 dwarves an iguana a rabid rat 2 giant bats a dwarf zombie a wererat 4 coyotes a gas spore a hobbit a large kobold 2 geckos 2 giant rats a brown mold 13 gnomes 2 manes a jackal 2 foxes 3 newts a goblin a sewer rat 4 grid bugs 5 lichens 92 creatures vanquished. Voluntary challenges: You never hit with a wielded weapon. You did not apply a unicorn horn. You read items or engraved 11 times, starting on turn 191. You never genocided any monsters. You never polymorphed an object. You never changed form. You used no wishes. You never split a pudding. You never wrote Elbereth's name. You violated your moral code, losing 1 point of alignment, starting on turn 1398. You disabled loading bones files. Dungeon overview: The Dungeons of Doom: levels 1 to 22 Level 1 a long staircase Level 2 a sink stairs to The Gnomish Mines Level 3 Level 4 a fountain, a sink Level 5 an altar to Huan Ti Level 6 Level 7 an altar to Huan Ti stairs to Sokoban Level 8 Level 9 Level 10 Level 11 Level 12 a sink Level 13 (quest) a fountain Level 14 Level 15 Level 16 Level 17 Level 18 Level 19 Level 20 Level 21 Level 22 <- You were here The Gnomish Mines: levels 3 to 5 Level 3 stairs to The Dungeons of Doom Level 4 Level 5 some shops, a temple to Chih Sung-tzu, some fountains Sokoban: Level 6 a magic chest stairs to The Dungeons of Doom History has recorded: On T:1 you entered the Dungeons of Doom to retrieve the Amulet of Yendor! On T:46 you reached level 2 of The Dungeons of Doom. On T:107 you reached level 1 of The Gnomish Mines. On T:121 you advanced to experience level 2. On T:143 you reached level 2 of The Gnomish Mines. On T:151 you advanced to experience level 3. On T:190 you advanced to experience level 4. On T:267 you reached level 3 of The Gnomish Mines. On T:286 you advanced to experience level 5. On T:348 you entered the Minetown temple On T:887 you reached level 3 of The Dungeons of Doom. On T:963 you reached level 4 of The Dungeons of Doom. On T:1107 you reached level 5 of The Dungeons of Doom. On T:1231 you reached level 6 of The Dungeons of Doom. On T:1363 you advanced to experience level 6. On T:1423 you reached level 7 of The Dungeons of Doom. On T:1669 you reached level 4 of Sokoban. On T:1743 you opened a magic chest. On T:1745 you opened a magic chest. On T:1828 you reached level 8 of The Dungeons of Doom. On T:1944 you reached level 9 of The Dungeons of Doom. On T:2077 you advanced to experience level 7. On T:2331 you reached level 10 of The Dungeons of Doom. On T:2516 you reached level 11 of The Dungeons of Doom. On T:2600 you reached level 12 of The Dungeons of Doom. On T:2722 you reached level 13 of The Dungeons of Doom. On T:2880 you reached level 14 of The Dungeons of Doom. On T:2967 you reached level 18 of The Dungeons of Doom. On T:2983 you reached level 19 of The Dungeons of Doom. On T:3005 you reached level 20 of The Dungeons of Doom. On T:3006 you reached level 21 of The Dungeons of Doom. On T:3025 you reached level 22 of The Dungeons of Doom. Score breakdown: Gold: 2144 ( 214 points) Experience: 7 levels ( 600 points) Exploration: 22 levels ( 630 points) Discoveries: 12 items ( 600 points) Variety of kills: 43 monsters ( 2000 points) Major goal: reached Minetown ( 500 points) Survival: died (score multiplied by 3) Total score: 13632 Latest messages: The hill giant punches you! You couldn't quite make out that last message. You strike the captain! The captain swings her silver saber. The captain slashes you! You die... Final status: Goodbye nht the Monk, killed by a captain... You died in The Dungeons of Doom on dungeon level 22 with 13632 points, and 2144 pieces of gold, after 3028 moves. You were level 7 with a maximum of 52 hit points when you died.